 Seeded DCSS version 0.28-a0-998-gb9e9c7b67e (webtiles) character file.

Game seed: 20211205 (custom seed)

20 dark4tune the Skirmisher (level 2, -1/27 HPs)
             Began as a Hill Orc Fighter on Dec 5, 2021.
             Succumbed to an adder's poison
             ... on level 3 of the Dungeon.
             The game lasted 00:04:43 (516 turns).

dark4tune the Skirmisher (Hill Orc Fighter)          Turns: 516, Time: 00:04:43

Health: -1/27      AC:  6    Str: 18    XL:     2   Next: 79%
Magic:  2/2        EV:  9    Int:  8    God:
Gold:   57         SH:  4    Dex: 10    Spells: 1/1 levels left

rFire   . . .      SeeInvis .   e - +1 spear (vamp)
rCold   . . .      Faith    .   c - +0 buckler
rNeg    . . .      Spirit   .   b - +0 scale mail
rPois   .          Reflect  .   (no helmet)
rElec   .          Harm     .   (no cloak)
rCorr   .          Rampage  .   (no gloves)
Will    .....                   (no boots)
Stlth   ..........              (no amulet)
HPRegen 0.09/turn               (no ring)
MPRegen 0.08/turn               (no ring)

@: lethally poisoned (-1 -> -11)
A: no striking features
a: no special abilities


You were on level 3 of the Dungeon.
You visited 1 branch of the dungeon, and saw 3 of its levels.

You collected 57 gold pieces.

Inventory:

Hand Weapons
 a - a +0 war axe
 e - a +1 vampiric spear (weapon)
 h - a +0 whip
Missiles
 j - 14 bolts
Armour
 b - a +0 scale mail (worn)
 c - a +0 buckler (worn)
 i - a +0 chain mail
Scrolls
 f - 2 scrolls of identify {unknown}
Potions
 d - a potion of might
 g - a potion of flight {unknown}


   Skills:
 + Level 4.0 Fighting
 + Level 2.9(3.0) Axes
 + Level 0.3(1.5) Polearms
 + Level 3.5 Armour
 + Level 3.5 Shields


You had one spell level left.
You didn't know any spells.
Your spell library was empty.

Dungeon Overview and Level Annotations

Branches:
Dungeon (3/15)

Altars:


Message History

The adder is severely wounded.
The giant cockroach bites you but does no damage.
The adder bites you but does no damage. The adder barely misses you.
You block the ball python's attack. The ball python constricts you.
The kobold hits you but does no damage.
Unknown command.
You hit the adder.
You kill the adder!
The adder closely misses you.
The giant cockroach completely misses you.
The ball python bites you but does no damage.
The ball python constricts you. The kobold hits you with a +0 dagger.
You block the adder's attack. The giant cockroach barely misses you.
You escape the ball python's grasp.
You block the ball python's attack. The ball python barely misses you.
The adder bites you.
You are poisoned.
The adder poisons you!
The giant cockroach bites you but does no damage.
You see here an adder corpse.
You feel sick. The adder barely misses you. The giant cockroach bites you.
You feel sick.
The ball python bites you but does no damage.
The ball python barely misses you.
You hit the adder but do no damage.
You feel sick. The adder bites you but does no damage.
You block the giant cockroach's attack. The adder bites you.
You are more poisoned.
The adder poisons you! The ball python closely misses you.
The ball python grabs you. The ball python constricts you.
The giant cockroach bites you but does no damage.
You escape the ball python's grasp.
* * * LOW HITPOINT WARNING * * *
You feel sick. The adder bites you.
* * * LOW HITPOINT WARNING * * *
You are more poisoned.
The adder poisons you! The giant cockroach barely misses you.
* * * LOW HITPOINT WARNING * * *
You feel very sick. The giant cockroach misses you.
The adder completely misses you.
You die...

.# .# .. .# .# #
.######### #+## .#
.........# #..# ..#
<........# #@# ...#
....†....#######.##....#
...............BSS......
........†.....†K........
.................(......
........................
#########...............
#########..#.... #.#....


You could see an adder, a giant cockroach, a ball python and a kobold.

Vanquished Creatures
  An adder (D:3)
  A worm (D:2)
  An orc (D:3)
  2 ball pythons (D:2)
  2 bats (D:3)
  A kobold (D:2)
  A bush (D:2)
9 creatures vanquished.

Notes
Turn   | Place    | Note
-------+----------+-------------------------------------------
     0 | D:1      | dark4tune the Hill Orc Fighter began the quest for the Orb.
     0 | D:1      | Reached XP level 1. HP: 19/19 MP: 1/1
   451 | D:3      | Reached XP level 2. HP: 26/27 MP: 2/2
   474 | D:3      | Reached skill level 4 in Fighting
   515 | D:3      | HP: 1/27 [poisoned by an adder]
   516 | D:3      | Succumbed to an adder's poison

Illustrated notes

Levels and vault maps discovered:
D:1:      lightli_iron_boxes, layout_basic,
          hellmonk_ecumenical_altar_slurped_away, serial_shops,
          nicolae_shop_waterfront, chequers_serial_rivers_large_a,
          patterned_corridor
D:2:      layout_loops_cross, minmay_hedge_maze, chequers_jeans,
          grunt_decor_clamped
D:3:      layout_basic

Skill      XL: |  1  2 |
---------------+-------+-----
Fighting       | 4 |  4.0
Axes           | |  2.9
Polearms       | |  0.3
Armour         | |  3.5
Shields        | |  3.5

Action                   || total
-------------------------++-------
Melee: Spear             ||   165
       War axe           ||     3
Armor: Scale mail        ||    36
Dodge: Dodged            ||    32
Block: Buckler           ||    11

Table legend: (Time is in decaauts)
 A = Elapsed time spent in this place.
 B = Non-inter-level travel time spent in this place.
 C = Inter-level travel time spent in this place.
 D = Time resting spent in this place.
 E = Time spent auto-exploring this place.
 F = Levels seen in this place.
 G = Mean time per level.
                   A        B        C        D        E       F      G
               +--------+--------+--------+--------+--------+-----+--------+
         Total |    524 |    508 |     16 |      0 |      0 |   3 |  174.7 |
       Dungeon |    524 |    508 |     16 |      0 |      0 |   3 |  174.7 |
               +--------+--------+--------+--------+--------+-----+--------+

Top non-repeatable levels by time:
     D:2: 416 daAuts
     D:3: 73 daAuts
     D:1: 35 daAuts
